 Dungeon Crawl Stone Soup version 0.18.1-1-g2f07953 (webtiles) character file.

95 SkaryMonk the Slasher (level 4, 0/29 HPs)
             Began as a High Elf Skald on May 6, 2016.
             Was an Initiate of the Shining One.
             Slain by Natasha (5 damage)
             ... on level 2 of the Dungeon.
             The game lasted 00:04:56 (1489 turns).

SkaryMonk the Slasher (High Elf Skald)              Turns: 1489, Time: 00:04:57

Health: 0/29       AC:  4    Str: 11    XL:     4   Next: 39%
Magic:  6/8        EV: 11    Int: 16    God:    the Shining One [......]
Gold:   27         SH:  0    Dex: 15    Spells: 2 memorised, 4 levels left

rFire  . . .     SeeInvis .     a - +0 falchion
rCold  . . .     Gourm    .     b - +1 leather armour
rNeg   . . .     Faith    .     (no shield)
rPois  .         Spirit   .     (no helmet)
rElec  .         Dismiss  .     (no cloak)
rCorr  .         Reflect  .     (no gloves)
SustAt .         Harm     .     (no boots)
MR     .....                    (no amulet)
Stlth  +.........               (no ring)
                                (no ring)

@: infused, slowed, glowing, very slow, not resistant to hostile enchantments,
very unstealthy
A: no striking features
a: Renounce Religion


You were on level 2 of the Dungeon.
You worshipped the Shining One.
The Shining One was noncommittal.
You were not hungry.

You visited 1 branch of the dungeon, and saw 2 of its levels.

You collected 27 gold pieces.

Notes
Turn   | Place    | Note
--------------------------------------------------------------
     0 | D:1      | SkaryMonk the High Elf Skald began the quest for the Orb.
     0 | D:1      | Reached XP level 1. HP: 14/14 MP: 4/4
   116 | D:1      | Reached skill level 3 in Long Blades
   299 | D:1      | Reached XP level 2. HP: 16/19 MP: 1/6
   801 | D:1      | Reached skill level 4 in Long Blades
  1122 | D:2      | Reached XP level 3. HP: 21/24 MP: 3/7
  1126 | D:2      | Learned a level 2 spell: Song of Slaying
  1295 | D:2      | Found a glowing golden altar of the Shining One.
  1298 | D:2      | Became a worshipper of the Shining One
  1384 | D:2      | Noticed Natasha
  1392 | D:2      | Killed Natasha
  1392 | D:2      | Reached skill level 5 in Long Blades
  1392 | D:2      | Reached XP level 4. HP: 26/29 MP: 4/8
  1416 | D:2      | Noticed Terence
  1435 | D:2      | Killed Terence
  1472 | D:2      | Noticed Natasha
  1489 | D:2      | Slain by Natasha

Inventory:

Hand Weapons
 a - a +0 falchion (weapon)
Armour
 b - a +1 leather armour (worn)
Jewellery
 j - an uncursed ring of magical power {unknown}
 n - an uncursed amulet of regeneration {unknown}
Scrolls
 k - 2 scrolls of teleportation {unknown}
 l - a scroll of amnesia {unknown}
 m - a scroll of enchant weapon {unknown}
Potions
 e - a potion of resistance {unknown}
 f - a potion of lignification
 h - a potion of curing {unknown}
Books
 c - a book of Battle

   Spells                             Type                      Level
   a - Infusion                       Charms                       1
   b - Shroud of Golubria             Charms/Translocation         2
   c - Song of Slaying                Charms                       2
   d - Spectral Weapon                Hexes/Charms                 3
   e - Regeneration                   Charms/Necromancy            3
Comestibles
 d - 3 bread rations
 g - 2 beef jerkies
 i - 5 chunks of flesh

Table legend:
 A = Turns spent in this place as a percentage of turns spent in the entire game.
 B = Non-inter-level travel turns spent in this place as a percentage of non-inter-level travel turns spent in the entire game.
 C = Inter-level travel turns spent in this place as a percentage of turns spent in this place.
 D = Turns resting spent in this place as a percentage of non-inter-level travel turns spent in this place.
 E = Turns spent auto-exploring this place as a percentage of non-inter-level travel turns spent in this place.
 F = Non-inter-level travel turns spent in this place divided by the number of levels of this place that you've seen.
                   A       B       C       D       E      F
               +-------+-------+-------+-------+-------+----------------------
         Total | 100.0 | 100.0 |   0.5 |   2.8 |  12.3 | 199.5
       Dungeon | 100.0 | 100.0 |   0.5 |   2.8 |  12.3 | 199.5
               +-------+-------+-------+-------+-------+----------------------


   Skills:
 - Level 2.0 Fighting
 + Level 5.7 Long Blades
 - Level 0.8 Armour
 - Level 1.1 Dodging
 - Level 2.4 Spellcasting
 - Level 3.6 Charms


You had 4 spell levels left.
You knew the following spells:

 Your Spells              Type           Power        Failure   Level  Hunger
a - Infusion              Chrm           ##..         8%          1    #......
b - Song of Slaying       Chrm           ##......     12%         2    ###....


Dungeon Overview and Level Annotations

Branches:
Dungeon (2/15)

Altars:
The Shining One

Annotations:
D:2 Natasha


Message History

Found a whip.
You see here a whip.
Casting: Infusion
Confirm with . or Enter, or press ? or * to list all spells.
You begin infusing your attacks with magical energy.
Natasha barely misses you.
You barely miss Natasha.
The white imp disappears in a puff of smoke!
Natasha casts a spell at you.
You feel yourself slow down.
You completely miss Natasha. Natasha closely misses you.
Natasha barely misses you.
You hit Natasha.
Natasha is moderately wounded.
Natasha claws you.
* * * LOW HITPOINT WARNING * * *
You closely miss Natasha.
Natasha is moderately wounded.
Natasha claws you.
You die...

#. #. ###### .. ...... #.
######. #.#. .......
.###.#.######### #.. .......
.....#....)..h.# #.# #+#+#+#
#....######@# ##.# # #....# #.#
#..########### #....# #.#
#..#.#÷#†#.#.# #h...#
#.###..#'#'#'#'#'#
###....######.#.[...).........
>......5..................<....
.###......##)....#.#.#####.....
#......##.....#.#.# #.....
#......##.....#.#.# #.....


You could see Natasha.

Table legend:
 A = Kills in this place as a percentage of kills in entire the game.
 B = Kills by you in this place as a percentage of kills by you in the entire game.
 C = Kills by friends in this place as a percentage of kills by friends in the entire game.
 D = Other kills in this place as a percentage of other kills in the entire game.
 E = Experience gained in this place as a percentage of experience gained in the entire game.
 F = Experience gained in this place divided by the number of levels of this place that you have seen.
                   A       B       C       D       E      F
               +-------+-------+-------+-------+-------+----------------------
         Total | 100.0 | 100.0 |  -nan |  -nan | 100.0 |  68.0
       Dungeon | 100.0 | 100.0 |  -nan |  -nan | 100.0 |  68.0
               +-------+-------+-------+-------+-------+----------------------

Vanquished Creatures
  Terence (D:2)
  Natasha (D:2)
  An adder (D:2)
  A dart slug (D:1)
  4 bats (D:1)
  6 giant cockroaches
  4 goblins
  3 hobgoblins
  4 jackals (D:1)
  A giant newt (D:1)
  2 kobolds (D:1)
  7 rats (D:2)
35 creatures vanquished.

Action                   |  1- 3 |  4- 6 || total
-------------------------+-------+-------++-------
Melee: Falchion          |   119 |    19 ||   138
 Cast: Infusion          |    16 |     2 ||    18
  Use: Scroll            |     3 |       ||     3
 Stab: Sleeping          |     2 |       ||     2
  Eat: Chunk             |     2 |       ||     2
Armor: Leather armour    |    40 |     2 ||    42
Dodge: Dodged            |    77 |     8 ||    85

Vault maps used:
D:1:      eino_arrival_water_star
D:2:      tso_oasis_becter, minmay_rat_gold_closets, uniq_natasha, uniq_terence,
          uniq_jessica
